 Dungeon Crawl Stone Soup version 0.17-a0-1625-g47e540b (webtiles) character file.

105 urechis the Cudgeler (level 4, -3/50 HPs)
             Began as an Ogre Fighter on Aug 2, 2015.
             Slain by cireshan's ghost (6 damage)
             ... on level 3 of the Dungeon.
             The game lasted 00:01:47 (2080 turns).

urechis the Cudgeler (Ogre Fighter)                 Turns: 2080, Time: 00:01:47

Health: -3/50      AC:  3    Str: 22    XL:     4   Next: 83%
Magic:  4/4        EV:  8    Int:  7    God:
Gold:   117        SH:  8    Dex:  9    Spells: 0 memorised, 3 levels left

rFire  . . .     SeeInvis .     a - +0 flail
rCold  . . .     Clarity  .     b - +0 robe
rNeg   . . .     SustAt   .     c - +0 shield
rPois  .         Gourm    .     (helmet restricted)
rElec  .         Spirit   .     (no cloak)
rCorr  .         Warding  .     (gloves unavailable)
rMut   .         Stasis   .     (boots unavailable)
MR     .....                    (no amulet)
Stlth  +.........               (no ring)
                                (no ring)

@: lethally poisoned (-3 -> -22), not resistant to hostile enchantments, very
unstealthy
A: unfitting armour, tough skin 1
a: no special abilities


You were on level 3 of the Dungeon.
You were hungry.

You visited 1 branch of the dungeon, and saw 3 of its levels.

You collected 117 gold pieces.

Inventory:

Hand weapons
 a - a +0 flail (weapon)
Missiles
 q - 7 javelins (quivered)
Armour
 b - a +0 robe (worn)
 c - a +0 shield (worn)
Jewellery
 r - an uncursed amulet of faith {unknown}
Scrolls
 f - a scroll of random uselessness {unknown}
 g - a scroll of blinking {unknown}
 i - a scroll of identify {unknown}
 k - a scroll of fog {unknown}
 m - a scroll of recharging {unknown}
 n - a scroll of amnesia {unknown}
Potions
 d - a potion of might
 j - a potion of resistance {unknown}
 l - a potion of magic {unknown}
 p - 2 potions of curing
 s - a potion of flight {unknown}
Comestibles
 e - 2 bread rations
 h - 5 fruits
 o - a meat ration


   Skills:
 + Level 5.1 Fighting
 * Level 5.5 Maces & Flails
 - Level 2.6 Dodging
 - Level 2.6 Shields


You had 3 spell levels left.
You didn't know any spells.

Dungeon Overview and Level Annotations

Branches:
Dungeon (3/15)

Altars:

Annotations:
D:3 cireshan's ghost, average DECj


Innate Abilities, Weirdness & Mutations

You are too large for most types of armour.
You have tough skin (AC +1).


Message History

You closely miss cireshan's ghost.
Cireshan's ghost is lightly damaged.
You feel sick.
Cireshan's ghost says, "I was like you once."
Cireshan's ghost hits you.
* * * LOW HITPOINT WARNING * * *
You are lethally poisoned!
You closely miss cireshan's ghost.
Cireshan's ghost is lightly damaged.
* * * LOW HITPOINT WARNING * * *
You feel sick.
Cireshan's ghost hits you but does no damage.
You are more poisoned.
Cireshan's ghost hits you.
* * * LOW HITPOINT WARNING * * *
* * * LOW HITPOINT WARNING * * *
You feel sick.
* * * LOW HITPOINT WARNING * * *
You feel sick. Cireshan's ghost hits you.
You die...

#.# # #$. .# +..
####.#####
#..##.........
#..#..W#.####.
#####..#.@.#.###
.................
.......<[....####
##........(..#
#.....#........
#............###
...............
##.....##.######
#...... ..


You could see cireshan's ghost.

Vanquished Creatures
  Jessica (D:3)
  4 adders (D:2)
  A ball python (D:2)
  4 bats
  3 giant cockroaches
  5 hobgoblins
  2 quokkas (D:2)
  2 giant geckos (D:2)
  A giant newt (D:1)
  8 goblins
  4 jackals (D:2)
  3 kobolds (D:1)
  5 rats
43 creatures vanquished.

Notes
Turn   | Place    | Note
--------------------------------------------------------------
     0 | D:1      | urechis the Ogre Fighter began the quest for the Orb.
     0 | D:1      | Reached XP level 1. HP: 24/24 MP: 1/1
   368 | D:1      | Reached XP level 2. HP: 32/32 MP: 2/2
  1122 | D:2      | Reached XP level 3. HP: 31/40 MP: 3/3
  1591 | D:2      | Reached XP level 4. HP: 34/49 MP: 4/4
  1714 | D:2      | Reached skill level 5 in Maces & Flails
  2051 | D:3      | Noticed Jessica
  2057 | D:3      | Killed Jessica
  2057 | D:3      | Reached skill level 5 in Fighting
  2071 | D:3      | Noticed cireshan's ghost (average DECj)
  2080 | D:3      | Slain by cireshan's ghost

Vault maps used:
D:1:      arrival_zaba_pyramid
D:2:      minmay_statues_item
D:3:      lemuel_doored_altar, vehumet_crystals, ecumenical_altar_1,
          grunt_qazlal_clouds, uniq_natasha, uniq_jessica

Action                   |  1- 3 |  4- 6 || total
-------------------------+-------+-------++-------
Melee: Flail             |    98 |    49 ||   147
  Use: Potion            |     1 |       ||     1
  Eat: Chunk             |     2 |     1 ||     3
